AoeStats
← Chris Becker

Black Forest

510122500Analyzed
4v4 RM · 3d ago on Sep 29, 2026· 59m 51s· 8 players
Game mode
Random Map
Map size
Large (8 player)
Population
200
Speed
Normal
Resources
Standard
Victory
Conquest
Starting age
Dark Age
Ending age
Imperial Age
RankedLock teamsTeams togetherTeam positionsShared explorationLock speedFull tech treeHidden civsTurbo modeCheats
Victory
Defeat
🇩🇪 Italians · Germany
1507
+12
🇭🇰 Mongols · Hong Kong SAR China
1462
+14
🇨🇳 Jurchens · China
1428
+15
🇫🇷 Khmer · France
1350
+18
🇨🇳 Danes · China
1470
-17
🇨🇱 Japanese · Chile
1415
-15
🇨🇳 Bohemians · China
1412
-15
🇺🇸 Portuguese · United States
1347
-12
IDWARE21
5:36 Loom
11:33 Feudal Age
16:15 Castle Age
15:31 Fishing Lines
19:04 Double-Bit Axe
19:13 Gold Mining
19:05 Horse Collar
20:04 Wheelbarrow
19:53 Bow Saw
21:28 Gillnets
24:59 Heavy Plow
26:31 Stone Mining
27:05 Hand Cart
26:54 Scale Mail Armor
27:05 Forging
26:45 Fletching
29:56 Imperial Age
27:51 Ballistics
27:12 Treadmill Crane
28:11 Guard Tower
28:31 Town Watch
29:55 Hand Cart
30:10 Scale Mail Armor
30:20 Forging
30:06 Bodkin Arrow
30:25 Masonry
31:06 Chain Mail Armor
30:13 Pikeman
32:11 Chemistry
32:12 Iron Casting
31:16 Halberdier
32:58 Plate Mail Armor
33:25 Conscription
35:45 Blast Furnace
35:25 Architecture
37:51 Padded Archer Armor
39:48 Two-Man Saw
40:21 Bombard Tower
39:32 Elite Skirmisher
40:10 Bodkin Arrow
41:22 Bracer
41:38 Leather Archer Armor
42:06 Siege Engineers
42:44 Ring Archer Armor
43:49 Thumb Ring
47:08 Arquebus
59:55 Murder Holes
NorthOrigin
11:09 Feudal Age
11:59 Double-Bit Axe
15:00 Castle Age
15:50 Bow Saw
18:45 Fishing Lines
22:00 Gillnets
25:25 Wheelbarrow
24:39 Town Watch
24:47 Gold Mining
28:20 Imperial Age
26:36 Ballistics
26:38 Loom
27:08 Hand Cart
27:42 Squires
27:27 Arson
28:02 Scale Mail Armor
28:13 Forging
30:05 Chemistry
28:28 Onager
29:33 Chain Mail Armor
29:53 Iron Casting
29:06 Northmen's Fury
30:19 Conscription
29:34 Elite Jomsviking
31:22 Siege Onager
33:21 Siege Engineers
34:09 Plate Mail Armor
37:19 Blast Furnace
36:16 Capped Ram
38:30 Siege Ram
40:20 Fletching
41:46 Hamask
45:28 Bodkin Arrow
48:21 Coinage
49:07 Banking
49:34 Gambesons
49:11 Elite Varangian Guard
55:11 Caravan
55:52 Pikeman
56:30 Halberdier
_Mewtwo
5:58 Loom
8:44 Feudal Age
9:16 Double-Bit Axe
9:16 Man-at-Arms
12:28 Fletching
22:29 Castle Age
20:35 Horse Collar
22:08 Fishing Lines
23:11 Bodkin Arrow
29:38 Imperial Age
27:57 Heavy Plow
28:09 Gillnets
29:18 Bow Saw
30:48 Wheelbarrow
30:31 Bracer
30:31 Crossbowman
32:13 Gold Mining
32:35 Arbalester
34:37 Chemistry
35:30 Conscription
35:19 Guard Tower
35:33 Yasama
35:55 Conscription
36:50 Keep
35:57 Treadmill Crane
37:30 Hand Cart
37:01 Town Watch
37:05 Arrowslits
37:42 Ballistics
40:00 Scale Mail Armor
40:55 Forging
40:14 Elite Samurai
41:53 Chain Mail Armor
43:22 Plate Mail Armor
44:17 Iron Casting
44:27 Squires
44:13 Gambesons
44:13 Arson
46:04 Masonry
45:57 Padded Archer Armor
46:58 Blast Furnace
47:16 Town Patrol
47:49 Caravan
47:33 Pikeman
48:04 Halberdier
50:03 Elite Skirmisher
50:50 Thumb Ring
51:06 Leather Archer Armor
55:06 Long Swordsman
55:35 Two-Handed Swordsman
56:18 Champion
初夏花开
0:33 Loom
12:19 Feudal Age
13:38 Double-Bit Axe
17:57 Castle Age
17:41 Horse Collar
19:08 Bow Saw
21:39 Fervor
22:13 Fishing Lines
23:42 Wheelbarrow
29:09 Imperial Age
27:40 Town Watch
28:00 Heavy Plow
29:06 Chemistry
28:40 Gillnets
29:26 Padded Archer Armor
29:25 Murder Holes
29:44 Fortified Wall
30:20 Pikeman
31:27 Hand Cart
31:27 Forging
31:17 Scale Mail Armor
31:28 Forging
32:10 Sanctity
31:27 Halberdier
32:47 Iron Casting
32:55 Chain Mail Armor
34:10 Two-Man Saw
35:43 Block Printing
37:29 Illumination
39:12 Leather Archer Armor
38:33 Elite Skirmisher
bao
10:34 Feudal Age
13:42 Castle Age
11:30 Horse Collar
11:45 Double-Bit Axe
22:37 Gold Mining
23:02 Bow Saw
22:49 Loom
23:40 Wheelbarrow
24:30 Gold Shaft Mining
27:40 Imperial Age
26:06 Horse Collar
26:38 Husbandry
26:50 Bloodlines
28:33 Elite Battle Elephant
29:59 Conscription
30:10 Heavy Plow
30:30 Forging
30:26 Scale Barding Armor
32:11 Iron Casting
33:21 Chain Barding Armor
35:09 Light Cavalry
36:50 Fletching
37:40 Plate Barding Armor
37:05 Hussar
39:10 Hand Cart
42:21 Tusk Swords
48:02 Blast Furnace
QvQ5681
0:36 Loom
9:40 Feudal Age
13:36 Double-Bit Axe
19:56 Wheelbarrow
22:49 Castle Age
21:15 Fletching
22:00 Stone Mining
21:57 Fishing Lines
22:58 Gold Mining
23:27 Bodkin Arrow
26:12 Town Watch
28:34 Bow Saw
28:07 Horse Collar
29:27 Gold Shaft Mining
30:03 Heavy Plow
34:29 Imperial Age
32:35 Padded Archer Armor
33:37 Leather Archer Armor
33:34 Thumb Ring
34:38 Ballistics
34:34 Husbandry
34:44 Bloodlines
34:34 Husbandry
35:26 Bracer
36:32 Conscription
36:40 Conscription
37:23 Chemistry
38:30 Hand Cart
39:27 Elite Mangudai
40:33 Nomads
41:29 Parthian Tactics
42:31 Hand Cart
50:39 Caravan
52:21 Stone Shaft Mining
52:15 Elite Skirmisher
54:33 Light Cavalry
55:45 Light Cavalry
58:21 Scale Barding Armor
58:26 Forging
Chris Becker
11:14 Feudal Age
15:33 Wheelbarrow
17:35 Castle Age
16:33 Double-Bit Axe
16:56 Horse Collar
24:37 Imperial Age
22:14 Stone Mining
24:03 Fortified Wall
26:25 Chemistry
26:18 Gold Mining
26:59 Fishing Lines
30:29 Bow Saw
30:54 Padded Archer Armor
32:23 Hand Cart
31:54 Loom
35:32 Leather Archer Armor
35:20 Heavy Plow
38:55 Conscription
41:09 Pirotechnia
43:01 Scale Barding Armor
43:07 Forging
44:01 Light Cavalry
45:25 Bloodlines
45:16 Husbandry
51:51 Ring Archer Armor
51:42 Chain Barding Armor
51:55 Hussar
56:54 Crop Rotation
56:47 Caravan
56:53 Capped Ram
橙
6:39 Loom
11:18 Feudal Age
12:52 Double-Bit Axe
15:23 Castle Age
13:24 Horse Collar
16:31 Bow Saw
19:59 Fishing Lines
21:56 Horse Collar
23:15 Wheelbarrow
22:55 Gillnets
24:19 Heavy Plow
29:47 Imperial Age
28:41 Siege Engineers
29:26 Masonry
28:57 Treadmill Crane
29:34 Hand Cart
29:25 Town Watch
30:34 Scale Mail Armor
30:45 Forging
30:42 Squires
30:27 Arson
30:08 Heavy Rocket Cart
31:56 Chemistry
31:36 Caravan
31:53 Chain Mail Armor
32:49 Thunderclap Bombs
33:23 Padded Archer Armor
33:59 Iron Casting
34:04 Conscription
34:19 Hoardings
35:29 Town Patrol
37:43 Arrowslits
37:51 Guard Tower
38:21 Ballistics
38:32 Architecture
38:57 Scale Barding Armor
39:52 Blast Furnace
40:21 Bloodlines
39:31 Light Cavalry
40:25 Hussar
41:06 Husbandry
41:12 Murder Holes
41:39 Capped Ram
42:39 Guilds
45:14 Chain Barding Armor
44:34 Capped Ram
46:05 Siege Ram
47:27 Keep
47:00 Fortified Bastions
49:08 Fletching
49:51 Bodkin Arrow
52:14 Two-Man Saw
51:35 Fortified Wall
53:13 Bracer
53:28 Leather Archer Armor
57:46 Ring Archer Armor
58:09 Plate Barding Armor
Connection lost

Rejoining the realm…

Still unreachable

The connection could not be restored.

Session expired

The server has moved on; the page needs a fresh start.